| TOP OF THE 1ST |
|
Winter Haven Sun Sox batting - Pitching for Cocoa Flyers : RHP Ken Pryce
|
|
Pitching: RHP Ken Pryce
|
|
|
Batting: LHB Don Carter
|
0-0: Ball 1-0: Called Strike 1-1: Ball 2-1: Ball 3-1: Foul Ball, location: 2F 3-2: Base on Balls
|
|
Batting: RHB Stephen Rhodes
|
0-0: Called Strike 0-1: Ball 1-1: Swinging Strike 1-2: Strikes out swinging
|
|
Batting: RHB Sam Sorce
|
0-0: Ball 1-0: Called Strike 1-1: Swinging Strike 1-2: DOUBLE (Line Drive, 89XD, EV 96.9 MPH) Don Carter to third Runner from 3rd tries for Home, SAFE, throw by CF to home
|
|
Batting: LHB John Heller
|
0-0: DOUBLE (Flyball, 89D, EV 108.1 MPH) Sam Sorce scores
|
|
Batting: RHB Takashi Upshur
|
0-0: Ball 1-0: Swinging Strike 1-1: Ball 2-1: Ball 3-1: Foul Ball, location: 2F 3-2: Base on Balls
|
|
Batting: LHB Charles Melito
|
0-0: Ball 1-0: Ball 2-0: Called Strike 2-1: Ball 3-1: Base on Balls John Heller to third Takashi Upshur to second
|
|
Batting: RHB Domingo Ramos
|
0-0: Called Strike 0-1: Foul Ball, location: 2F 0-2: Foul Ball, location: 2F 0-2: Grounds into double play, 5-4-3 (Groundball, 56, EV 86.3 MPH)
|
| Top of the 1st over - 2 runs, 2 hits, 0 errors, 2 left on base; Winter Haven 2 - Cocoa 0 |
| BOTTOM OF THE 1ST |
|
Cocoa Flyers batting - Pitching for Winter Haven Sun Sox : RHP Gregory Staffon
|
|
Pitching: RHP Gregory Staffon
|
|
|
Batting: RHB Danny Arroyo
|
0-0: SINGLE (Groundball, 25, EV 72.5 MPH) (infield hit)
|
|
Batting: LHB Gary Robertson
|
0-0: Foul Ball, location: 2F 0-1: Ball 1-1: Foul Ball, location: 2F 1-2: Ball 2-2: Fly out, F7 (Flyball, 7LS, EV 94.4 MPH)
|
|
Batting: LHB Mike Jones
|
0-0: Called Strike 0-1: Ball 1-1: Called Strike 1-2: Ball 2-2: Foul Ball, location: 2F 2-2: Foul Ball, location: 2F 2-2: Ball Danny Arroyo steals 2nd base 3-2: Foul Ball, location: 2F 3-2: Foul Ball, location: 2F 3-2: Foul Ball, location: 2F 3-2: Foul Ball, location: 2F 3-2: Base on Balls
|
|
Batting: LHB Shanie Dugas
|
0-0: Fly out, F9 (Flyball, 9D, EV 98.1 MPH) Runner from 2nd tags up, SAFE at 3rd, no throw by RF
|
|
Batting: RHB Larry McNutt
|
0-0: Ball 1-0: Fly out, F9 (Flyball, 9LM, EV 81.3 MPH)
|
| Bottom of the 1st over - 0 runs, 1 hit, 0 errors, 2 left on base; Winter Haven 2 - Cocoa 0 |
| TOP OF THE 2ND |
|
Winter Haven Sun Sox batting - Pitching for Cocoa Flyers : RHP Ken Pryce
|
|
Batting: RHB Jose Marcano
|
0-0: Called Strike 0-1: Fly out, F4 (Line Drive, 4, EV 70.0 MPH)
|
|
Batting: RHB Tony Flores
|
0-0: Called Strike 0-1: Foul Ball, location: 2F 0-2: Foul Ball, location: 2F 0-2: Ball 1-2: Ball 2-2: Fly out, F9 (Flyball, 89S, EV 91.3 MPH)
|
|
Batting: LHB Don Carter
|
0-0: Ball 1-0: Ball 2-0: Foul Ball, location: 2F 2-1: Ball 3-1: Foul Ball, location: 2F 3-2: Ground out 4-3 (Groundball, 4, EV 85.6 MPH)
|
| Top of the 2nd over - 0 runs, 0 hits, 0 errors, 0 left on base; Winter Haven 2 - Cocoa 0 |
| BOTTOM OF THE 2ND |
|
Cocoa Flyers batting - Pitching for Winter Haven Sun Sox : RHP Gregory Staffon
|
|
Batting: LHB Clint Hurdle
|
0-0: Foul Ball, location: 2F 0-1: Swinging Strike 0-2: Ball 1-2: Ball 2-2: Foul Ball, location: 2F 2-2: Foul Ball, location: 2F 2-2: Foul Ball, location: 2F 2-2: Foul Ball, location: 2F 2-2: Ball 3-2: Foul Ball, location: 2F 3-2: Base on Balls
|
|
Batting: RHB Lorenzo Quintanilla
|
0-0: Ball 1-0: Ball 2-0: Called Strike 2-1: Called Strike 2-2: Fielders Choice at 2nd, 6-4 (Groundball, 6, EV 87.5 MPH)
|
|
Batting: RHB Miguel Dominguez
|
0-0: Ball 1-0: Called Strike 1-1: Ball 2-1: Foul Ball, location: 2F 2-2: Grounds into double play, 6-4-3 (Groundball, 6M, EV 100.0 MPH)
|
| Bottom of the 2nd over - 0 runs, 0 hits, 0 errors, 0 left on base; Winter Haven 2 - Cocoa 0 |
| TOP OF THE 3RD |
|
Winter Haven Sun Sox batting - Pitching for Cocoa Flyers : RHP Ken Pryce
|
|
Batting: RHB Stephen Rhodes
|
0-0: Ball 1-0: Ball 2-0: Swinging Strike 2-1: Ball 3-1: Base on Balls
|
|
Batting: RHB Sam Sorce
|
0-0: Called Strike 0-1: Ball 1-1: DOUBLE (Line Drive, 89D, EV 103.1 MPH) Stephen Rhodes to third
|
|
Batting: LHB John Heller
|
0-0: SINGLE (Groundball, 4MD, EV 104.4 MPH) Stephen Rhodes scores Sam Sorce to third Runner from 3rd tries for Home, SAFE, throw by CF to home John Heller to second
|
|
Batting: RHB Takashi Upshur
|
0-0: Called Strike 0-1: Ball 1-1: Foul Ball, location: 2F 1-2: Ball 2-2: 2-RUN HOME RUN (Flyball, 7D, EV 96.9 MPH), Distance : 373 ft
|
|
Pitching: RHP Curtis Reade
|
|
|
Batting: LHB Charles Melito
|
0-0: Called Strike 0-1: SOLO HOME RUN (Line Drive, 78XD, EV 108.1 MPH), Distance : 411 ft
|
|
Batting: RHB Domingo Ramos
|
0-0: Ball 1-0: Swinging Strike 1-1: Ball 2-1: Ball 3-1: Foul Ball, location: 2F 3-2: Foul Ball, location: 2F 3-2: Base on Balls
|
|
Batting: RHB Jose Marcano
|
0-0: Called Strike 0-1: Swinging Strike 0-2: Ball 1-2: Ball 2-2: Foul Ball, location: 2F 2-2: Ball 3-2: SINGLE (Groundball, 4MD, EV 101.3 MPH) Domingo Ramos to second Domingo Ramos to third
|
|
Batting: RHB Tony Flores
|
0-0: Foul Ball, location: 2F 0-1: DOUBLE (Groundball, 5L, EV 101.9 MPH) Domingo Ramos scores Jose Marcano to third
|
|
Batting: LHB Don Carter
|
0-0: Ball 1-0: Ball 2-0: Called Strike 2-1: Ball 3-1: Base on Balls
|
|
Batting: RHB Stephen Rhodes
|
0-0: Ball 1-0: Ball 2-0: Ball 3-0: Called Strike 3-1: Foul Ball, location: 2F 3-2: Base on Balls Jose Marcano scores Tony Flores to third Don Carter to second
|
|
Batting: RHB Sam Sorce
|
0-0: Grounds into double play, 5-4-3 (Groundball, 56, EV 100.6 MPH) Tony Flores scores Don Carter to third
|
|
Batting: LHB John Heller
|
0-0: Foul Ball, location: 2F 0-1: Swinging Strike 0-2: Fly out, F8 (Line Drive, 8LD, EV 95.0 MPH)
|
| Top of the 3rd over - 8 runs, 6 hits, 0 errors, 1 left on base; Winter Haven 10 - Cocoa 0 |
| BOTTOM OF THE 3RD |
|
Cocoa Flyers batting - Pitching for Winter Haven Sun Sox : RHP Gregory Staffon
|
|
Batting: RHB Jorge Diaz
|
0-0: Fly out, F7 (Flyball, 7D, EV 104.4 MPH)
|
|
Batting: RHB Danny Arroyo
|
0-0: Ball 1-0: Ball 2-0: Ball 3-0: Called Strike 3-1: Base on Balls
|
|
Batting: LHB Gary Robertson
|
0-0: Called Strike 0-1: Swinging Strike 0-2: Ball 1-2: Ball 2-2: Foul Ball, location: 2F 2-2: Grounds into double play, 1-6-3 (Groundball, 13, EV 65.0 MPH)
|
| Bottom of the 3rd over - 0 runs, 0 hits, 0 errors, 0 left on base; Winter Haven 10 - Cocoa 0 |
| TOP OF THE 4TH |
|
Winter Haven Sun Sox batting - Pitching for Cocoa Flyers : RHP Curtis Reade
|
|
Batting: RHB Takashi Upshur
|
0-0: Ball 1-0: Ball 2-0: Swinging Strike 2-1: Called Strike 2-2: Ball 3-2: SOLO HOME RUN (Line Drive, 7LD, EV 103.1 MPH), Distance : 355 ft
|
|
Pitching: RHP Timothy Zeuch
|
|
|
Batting: LHB Charles Melito
|
0-0: Called Strike 0-1: SINGLE (Line Drive, 5D, EV 95.0 MPH)
|
|
Batting: RHB Domingo Ramos
|
0-0: Ball 1-0: Foul Ball, location: 2F 1-1: SINGLE (Groundball, 56S, EV 73.8 MPH) (infield hit) Charles Melito to second
|
|
Batting: RHB Jose Marcano
|
0-0: Ball 1-0: Ball 2-0: Ball 3-0: Called Strike 3-1: Foul Ball, location: 2F 3-2: Foul Ball, location: 2F 3-2: Base on Balls Charles Melito to third Domingo Ramos to second
|
|
Batting: RHB Tony Flores
|
0-0: Ball Wild Pitch! Charles Melito scores Domingo Ramos to third Jose Marcano to second 1-0: Called Strike 1-1: Foul Ball, location: 2F 1-2: Fly out, F4 (Popup, 34, EV 57.5 MPH)
|
|
Batting: LHB Don Carter
|
0-0: Ball 1-0: Ball 2-0: Swinging Strike 2-1: Foul Ball, location: 2F 2-2: Ball 3-2: Foul Ball, location: 2F 3-2: Base on Balls
|
|
Batting: RHB Stephen Rhodes
|
0-0: Called Strike 0-1: SINGLE (Line Drive, 3D, EV 109.4 MPH) Domingo Ramos scores Jose Marcano to third Don Carter to second
|
|
Batting: RHB Sam Sorce
|
0-0: Ball 1-0: Grounds into double play, 5-4-3 (Groundball, 56, EV 80.6 MPH)
|
| Top of the 4th over - 3 runs, 4 hits, 0 errors, 2 left on base; Winter Haven 13 - Cocoa 0 |
| BOTTOM OF THE 4TH |
|
Cocoa Flyers batting - Pitching for Winter Haven Sun Sox : RHP Gregory Staffon
|
|
Batting: LHB Mike Jones
|
0-0: Called Strike 0-1: Ground out 5-3 (Groundball, 56, EV 85.0 MPH)
|
|
Batting: LHB Shanie Dugas
|
0-0: Foul Ball, location: 2F 0-1: Fly out, F6 (Popup, 4M, EV 55.6 MPH)
|
|
Batting: RHB Larry McNutt
|
0-0: Ball 1-0: Ball 2-0: Ground out 4-3 (Groundball, 4MS, EV 85.6 MPH)
|
| Bottom of the 4th over - 0 runs, 0 hits, 0 errors, 0 left on base; Winter Haven 13 - Cocoa 0 |
| TOP OF THE 5TH |
|
Winter Haven Sun Sox batting - Pitching for Cocoa Flyers : RHP Timothy Zeuch
|
|
Batting: LHB John Heller
|
0-0: Called Strike 0-1: Ball 1-1: Ball 2-1: Foul Ball, location: 2F 2-2: Ball 3-2: Base on Balls
|
|
Batting: RHB Takashi Upshur
|
0-0: Ball 1-0: Ball 2-0: Ball 3-0: Base on Balls John Heller to second
|
|
Pitching: RHP Kenneth Rabun
|
|
|
Batting: LHB Charles Melito
|
0-0: Fly out, F7 (Flyball, 7LS, EV 80.6 MPH)
|
|
Batting: RHB Domingo Ramos
|
0-0: Fly out, F7 (Flyball, 7S, EV 71.9 MPH)
|
|
Batting: RHB Jose Marcano
|
0-0: Called Strike 0-1: Foul Ball, location: 2F 0-2: Ball 1-2: Foul Ball, location: 2F 1-2: Ball 2-2: Strikes out swinging
|
| Top of the 5th over - 0 runs, 0 hits, 0 errors, 2 left on base; Winter Haven 13 - Cocoa 0 |
| BOTTOM OF THE 5TH |
|
Cocoa Flyers batting - Pitching for Winter Haven Sun Sox : RHP Gregory Staffon
|
|
Batting: LHB Clint Hurdle
|
0-0: Called Strike 0-1: Ball 1-1: Ball 2-1: Fly out, F8 (Flyball, 8RD, EV 73.8 MPH)
|
|
Batting: RHB Lorenzo Quintanilla
|
0-0: Ball 1-0: Called Strike 1-1: Foul Ball, location: 2F 1-2: Foul Ball, location: 2F 1-2: Strikes out looking
|
|
Batting: RHB Miguel Dominguez
|
0-0: Ball 1-0: Foul Ball, location: 2F 1-1: Swinging Strike 1-2: SINGLE (Line Drive, 78S, EV 95.0 MPH)
|
|
Batting: RHB Jorge Diaz
|
0-0: Foul Ball, location: 2F 0-1: Foul Ball, location: 2F 0-2: Ball 1-2: Fly out, F3 (Popup, 3SF, EV 79.4 MPH)
|
| Bottom of the 5th over - 0 runs, 1 hit, 0 errors, 1 left on base; Winter Haven 13 - Cocoa 0 |
| TOP OF THE 6TH |
|
Winter Haven Sun Sox batting - Pitching for Cocoa Flyers : RHP Kenneth Rabun
|
|
Batting: RHB Tony Flores
|
0-0: Ball 1-0: Foul Ball, location: 2F 1-1: Fly out, F8 (Flyball, 8RXD, EV 95.6 MPH)
|
|
Batting: LHB Don Carter
|
0-0: Ball 1-0: Ball 2-0: Swinging Strike 2-1: SINGLE (Line Drive, 34D, EV 98.8 MPH)
|
|
Batting: RHB Stephen Rhodes
|
0-0: Called Strike 0-1: Ball 1-1: Foul Ball, location: 2F 1-2: Ball 2-2: Ball 3-2: Foul Ball, location: 2F 3-2: Base on Balls Don Carter to second
|
|
Batting: RHB Sam Sorce
|
0-0: Called Strike 0-1: Ball 1-1: Fly out, F6 (Popup, 6MS, EV 72.5 MPH)
|
|
Batting: LHB John Heller
|
0-0: Ball 1-0: Swinging Strike 1-1: Foul Ball, location: 2F 1-2: DOUBLE (Flyball, 89XD, EV 113.8 MPH) Don Carter scores Stephen Rhodes to third Runner from 3rd tries for Home, SAFE, throw by CF to trailing runner, SAFE at third!
|
|
Batting: RHB Takashi Upshur
|
0-0: Ball 1-0: Ball 2-0: Swinging Strike 2-1: Ball 3-1: Ground out 6-3 (Groundball, 6S, EV 66.3 MPH)
|
| Top of the 6th over - 2 runs, 2 hits, 0 errors, 1 left on base; Winter Haven 15 - Cocoa 0 |
| BOTTOM OF THE 6TH |
|
Cocoa Flyers batting - Pitching for Winter Haven Sun Sox : RHP Gregory Staffon
|
|
Batting: RHB Danny Arroyo
|
0-0: Ball 1-0: Foul Ball, location: 2F 1-1: Ground out U3 (Groundball, 13, EV 82.5 MPH)
|
|
Batting: LHB Gary Robertson
|
0-0: Fly out, F5 (Popup, 25F, EV 67.5 MPH)
|
|
Batting: LHB Mike Jones
|
0-0: Ball 1-0: Swinging Strike 1-1: Ball 2-1: Ball 3-1: Foul Ball, location: 2F 3-2: Foul Ball, location: 2F 3-2: Base on Balls
|
|
Batting: LHB Shanie Dugas
|
0-0: Ball 1-0: Called Strike 1-1: Ball 2-1: Ball 3-1: Base on Balls Mike Jones to second
|
|
Batting: RHB Larry McNutt
|
0-0: Swinging Strike 0-1: Swinging Strike 0-2: Strikes out looking
|
| Bottom of the 6th over - 0 runs, 0 hits, 0 errors, 2 left on base; Winter Haven 15 - Cocoa 0 |
| TOP OF THE 7TH |
|
Winter Haven Sun Sox batting - Pitching for Cocoa Flyers : RHP Kenneth Rabun
|
|
Pinch Hitting: RHB Landre Carty
|
0-0: Ball 1-0: Foul Ball, location: 2F 1-1: Called Strike 1-2: Foul Ball, location: 2F 1-2: Ball 2-2: Strikes out looking
|
|
Pinch Hitting: SHB Bob Nandin
|
0-0: Ground out 6-3 (Groundball, 6, EV 77.5 MPH)
|
|
Pinch Hitting: RHB Mark Campbell
|
0-0: Ground out 6-3 (Groundball, 6, EV 103.8 MPH)
|
| Top of the 7th over - 0 runs, 0 hits, 0 errors, 0 left on base; Winter Haven 15 - Cocoa 0 |
| BOTTOM OF THE 7TH |
|
Cocoa Flyers batting - Pitching for Winter Haven Sun Sox : RHP Gregory Staffon
|
|
Now at 1B: Mark Campbell
|
|
|
Now at 2B: Bob Nandin
|
|
|
Now at SS: Landre Carty
|
|
|
Pinch Hitting: RHB Carlos Tirado
|
0-0: Called Strike 0-1: TRIPLE (Flyball, 89XD, EV 89.4 MPH)
|
|
Batting: RHB Lorenzo Quintanilla
|
0-0: SINGLE (Groundball, 56D, EV 94.4 MPH) Carlos Tirado scores
|
|
Pinch Hitting: RHB Scott Pleis
|
0-0: Grounds into double play, 5-4-3 (Groundball, 15, EV 88.1 MPH)
|
|
Batting: RHB Jorge Diaz
|
0-0: Swinging Strike 0-1: Ball 1-1: Foul Ball, location: 2F 1-2: Ball 2-2: Ball 3-2: Foul Ball, location: 2F 3-2: Fly out, F7 (Flyball, 78M, EV 71.9 MPH)
|
| Bottom of the 7th over - 1 run, 2 hits, 0 errors, 0 left on base; Winter Haven 15 - Cocoa 1 |
| TOP OF THE 8TH |
|
Winter Haven Sun Sox batting - Pitching for Cocoa Flyers : RHP Kenneth Rabun
|
|
Now at C: Carlos Tirado
|
|
|
Now at 3B: Scott Pleis
|
|
|
Batting: RHB Tony Flores
|
0-0: Ball 1-0: Called Strike 1-1: Ball 2-1: Foul Ball, location: 2F 2-2: Foul Ball, location: 2F 2-2: Foul Ball, location: 2F 2-2: Strikes out swinging
|
|
Pitching: LHP Clifford Mackey
|
|
|
Pinch Hitting: RHB Tim Carroll
|
0-0: Ball 1-0: Called Strike 1-1: Fly out, F8 (Line Drive, 8LM, EV 91.3 MPH)
|
|
Batting: RHB Stephen Rhodes
|
0-0: Called Strike 0-1: Ball 1-1: Ball 2-1: Foul Ball, location: 2F 2-2: Ball 3-2: Base on Balls
|
|
Batting: RHB Sam Sorce
|
0-0: Swinging Strike 0-1: Ball 1-1: Foul Ball, location: 2F 1-2: Ball 2-2: 2-RUN HOME RUN (Flyball, 7D, EV 87.5 MPH), Distance : 371 ft
|
|
Batting: LHB John Heller
|
0-0: Ball 1-0: Ball 2-0: Foul Ball, location: 2F 2-1: Foul Ball, location: 2F 2-2: Ground out 4-3 (Groundball, 34, EV 85.6 MPH)
|
| Top of the 8th over - 2 runs, 1 hit, 0 errors, 0 left on base; Winter Haven 17 - Cocoa 1 |
| BOTTOM OF THE 8TH |
|
Cocoa Flyers batting - Pitching for Winter Haven Sun Sox : RHP Gregory Staffon
|
|
Now in LF: Augie Schmidt
|
|
|
Batting: RHB Danny Arroyo
|
0-0: Ball 1-0: Foul Ball, location: 2F 1-1: Ball 2-1: Called Strike 2-2: Fly out, F9 (Flyball, 89M, EV 81.3 MPH)
|
|
Pinch Hitting: RHB Ronald Russell
|
0-0: Ball 1-0: Ball 2-0: Ball 3-0: Called Strike 3-1: Base on Balls
|
|
Pinch Hitting: SHB Leotis Butler
|
0-0: Foul Ball, location: 2F 0-1: Ball 1-1: Ball 2-1: TRIPLE (Line Drive, 78XD, EV 100.6 MPH) Ronald Russell scores
|
|
Batting: LHB Shanie Dugas
|
0-0: SINGLE (Groundball, 56S, EV 60.6 MPH) (infield hit) Leotis Butler scores
|
|
Batting: RHB Larry McNutt
|
0-0: Fly out, F9 (Flyball, 8RS, EV 78.8 MPH)
|
|
Batting: RHB Carlos Tirado
|
0-0: Called Strike 0-1: Ball 1-1: Fly out, F7 (Flyball, 7LM, EV 93.1 MPH)
|
| Bottom of the 8th over - 2 runs, 2 hits, 0 errors, 1 left on base; Winter Haven 17 - Cocoa 3 |
| TOP OF THE 9TH |
|
Winter Haven Sun Sox batting - Pitching for Cocoa Flyers : LHP Clifford Mackey
|
|
Now at 1B: Rhett Whisman
|
|
|
Now in RF: Ronald Russell
|
|
|
Pinch Hitting: RHB Alfred Weston
|
0-0: Ball 1-0: Ball 2-0: Ball 3-0: Base on Balls
|
|
Batting: RHB Landre Carty
|
0-0: Called Strike 0-1: Ball 1-1: SINGLE (Groundball, 56S, EV 88.1 MPH) (infield hit) Alfred Weston to second
|
|
Batting: SHB Bob Nandin
|
0-0: Ball 1-0: Ground out 5-3 (Groundball, 56S, EV 68.8 MPH) Alfred Weston to third Landre Carty to second
|
|
Batting: RHB Mark Campbell
|
0-0: Called Strike 0-1: Called Strike 0-2: Strikes out swinging
|
|
Batting: RHB Tony Flores
|
0-0: Called Strike 0-1: Foul Ball, location: 2F 0-2: Ground out 6-3 (Groundball, 56, EV 105.0 MPH)
|
| Top of the 9th over - 0 runs, 1 hit, 0 errors, 2 left on base; Winter Haven 17 - Cocoa 3 |
| BOTTOM OF THE 9TH |
|
Cocoa Flyers batting - Pitching for Winter Haven Sun Sox : RHP Gregory Staffon
|
|
Now at 3B: Roderick Murphy
|
|
|
Batting: RHB Lorenzo Quintanilla
|
0-0: Ground out 4-3 (Groundball, 4, EV 100.0 MPH)
|
|
Batting: RHB Scott Pleis
|
0-0: Ball 1-0: Called Strike 1-1: Ball 2-1: Fly out, F8 (Flyball, 8RD, EV 86.9 MPH)
|
|
Batting: RHB Jorge Diaz
|
0-0: Ball 1-0: Ball 2-0: Called Strike 2-1: Foul Ball, location: 2F 2-2: Ground out 6-3 (Groundball, 6, EV 98.8 MPH)
|
| Bottom of the 9th over - 0 runs, 0 hits, 0 errors, 0 left on base; Winter Haven 17 - Cocoa 3 |
|